 Dungeon Crawl Stone Soup version 0.19.0 (webtiles) character file.

4348 varam the Covert (level 10, 0/66 HPs)
             Began as an Octopode Assassin on Nov 1, 2016.
             Was a Believer of Sif Muna.
             Slain by a killer bee (4 damage)
             ... on level 9 of the Dungeon.
             The game lasted 00:32:15 (9651 turns).

varam the Covert (Octopode Assassin)                Turns: 9651, Time: 00:32:16

Health: 0/66       AC:  6    Str: 11    XL:     10   Next: 34%
Magic:  12/16      EV: 23    Int: 16    God:    Sif Muna [**....]
Gold:   282        SH:  0    Dex: 17    Spells: 4 memorised, 10 levels left

rFire  . . .     SeeInvis .     a - +3 dagger
rCold  . . .     Gourm    .     (no shield)
rNeg   . . .     Faith    .     (helmet restricted)
rPois  .         Spirit   .     P - amulet of regeneration
rElec  .         Reflect  .     p - +3 ring of dexterity
rCorr  .         Harm     .     o - +5 ring of protection
MR     .....                    A - +1 ring of evasion
Stlth  +++++++...               U - +3 ring of evasion
                                Y - ring of stealth
                                (no ring)
                                (no ring)
                                (no ring)

@: no status effects
A: almost no armour, stealthy swim, amphibious, 8 rings, constrict 8, camouflage
1, gelatinous body 1
a: Divine Energy, Renounce Religion


You were on level 9 of the Dungeon.
You worshipped Sif Muna.
Sif Muna was pleased with you.
You were very hungry.

You visited 1 branch of the dungeon, and saw 11 of its levels.

You collected 522 gold pieces.
You spent 240 gold pieces at shops.

Inventory:

Hand Weapons
 a - a +3 dagger (weapon)
 b - a +0 blowgun
 x - a +0 whip of draining
Missiles
 c - 45 poisoned needles
 d - 2 curare-tipped needles
 E - a throwing net (quivered)
Jewellery
 o - a +5 ring of protection (right tentacle)
 p - a +3 ring of dexterity (left tentacle)
 A - a +1 ring of evasion (on tentacle)
 P - an amulet of regeneration (around mantle)
 U - a +3 ring of evasion (on tentacle)
 Y - a ring of stealth (on tentacle)
Wands
 e - a wand of acid (6/15)
 r - a wand of paralysis (3/24)
 z - a wand of hasting (2/9)
 N - a wand of iceblast (8/15)
 R - a wand of acid (7/15)
 S - a wand of confusion (24/48)
Scrolls
 g - 4 scrolls of enchant weapon
 q - 2 scrolls of teleportation
 s - 8 scrolls of identify
 t - 2 scrolls of noise {unknown}
 v - 4 scrolls of blinking {unknown}
 y - 3 scrolls of enchant armour {unknown}
 B - 10 scrolls of remove curse
 C - 3 scrolls of amnesia {unknown}
 F - 2 scrolls of magic mapping {unknown}
 G - a scroll of immolation {unknown}
 O - a scroll of recharging {unknown}
 Z - a scroll of vulnerability {unknown}
Potions
 i - 5 potions of heal wounds
 j - 4 potions of agility
 k - 7 potions of curing
 n - a potion of haste {unknown}
 u - 3 potions of degeneration {unknown}
 w - 2 potions of mutation {unknown}
 D - a potion of magic {unknown}
 H - a potion of berserk rage {unknown}
 J - a potion of cure mutation {unknown}
 W - a potion of might
 X - a potion of resistance {unknown}
Books
 I - a book of Minor Magic

   Spells                             Type                      Level
   a - Magic Dart                     Conjuration                  1
   b - Blink                          Translocation                2
   c - Call Imp                       Summoning                    2
   d - Repel Missiles                 Charms/Air                   2
   e - Slow                           Hexes                        2
   f - Conjure Flame                  Conjuration/Fire             3
   g - Mephitic Cloud                 Conjuration/Poison/Air       3
 K - a book of Minor Magic

   Spells                             Type                      Level
   a - Magic Dart                     Conjuration                  1
   b - Blink                          Translocation                2
   c - Call Imp                       Summoning                    2
   d - Repel Missiles                 Charms/Air                   2
   e - Slow                           Hexes                        2
   f - Conjure Flame                  Conjuration/Fire             3
   g - Mephitic Cloud                 Conjuration/Poison/Air       3
 M - a book of Debilitation

   Spells                             Type                      Level
   a - Corona                         Hexes                        1
   b - Slow                           Hexes                        2
   c - Gell's Gravitas                Hexes/Translocation          3
   d - Inner Flame                    Hexes/Fire                   3
   e - Cause Fear                     Hexes                        4
   f - Leda's Liquefaction            Hexes/Earth                  4
 Q - a book of Frost

   Spells                             Type                      Level
   a - Freeze                         Ice                          1
   b - Throw Frost                    Conjuration/Ice              2
   c - Ozocubu's Armour               Charms/Ice                   3
   d - Throw Icicle                   Conjuration/Ice              4
   e - Summon Ice Beast               Ice/Summoning                4
 T - a book of Necromancy

   Spells                             Type                      Level
   a - Pain                           Necromancy                   1
   b - Animate Skeleton               Necromancy                   1
   c - Vampiric Draining              Necromancy                   3
   d - Regeneration                   Charms/Necromancy            3
   e - Animate Dead                   Necromancy                   4
   f - Control Undead                 Necromancy                   4
Comestibles
 f - 4 bread rations
 h - 6 beef jerkies
 l - 5 meat rations
 m - 6 fruits
 L - a slice of pizza
 V - 7 chunks of flesh


   Skills:
 - Level 5.4 Fighting
 - Level 3.9 Short Blades
 - Level 2.1 Throwing
 - Level 8.0 Dodging
 + Level 10.0 Stealth
 + Level 4.7 Unarmed Combat
 + Level 4.4 Spellcasting
 + Level 5.2 Summonings


You had 10 spell levels left.
You knew the following spells:

 Your Spells              Type           Power        Failure   Level  Hunger
a - Call Imp              Summ           ###.....     3%          2    ##.....
b - Animate Skeleton      Necr           N/A          17%         1    None
c - Blink                 Tloc           N/A          24%         2    ##.....
d - Repel Missiles        Chrm/Air       #.....       24%         2    ##.....


Dungeon Overview and Level Annotations

Branches:
Dungeon (11/15)            Temple (0/1) D:6            Lair (0/6) D:8
    Orc: D:9-12

Altars:
Cheibriados
Fedhas
Makhleb
Ru
Sif Muna
Trog
Vehumet
Xom

Shops:
D:6 :   D:11 (

Annotations:
D:5 exclusion: door
D:10 Chiseanne's ghost, novice MiBe; Harold
D:11 Nergalle


Innate Abilities, Weirdness & Mutations

You cannot wear most types of armour.
You are very stealthy in the water. (Stealth+)
You are amphibious.
You can wear up to eight rings at the same time.
You can use your tentacles to constrict eight enemies at once.
Your skin changes colour to match your surroundings (Stealth+).
Your rubbery body absorbs attacks. (AC +1, EV +1)


Message History

You constrict the killer bee, but do no damage.
The killer bee stings you!
* * * LOW HITPOINT WARNING * * *
The killer bee misses you.
You release your grip on the killer bee.
The killer bee misses you.
You see here a killer bee corpse.
Casting: Call Imp
Confirm with . or Enter, or press ? or * to list all spells.
Okay, then.
You hit the killer bee. You grab the killer bee.
Your squeeze misses the killer bee.
The killer bee is moderately wounded.
You constrict the killer bee. The killer bee completely misses you.
Your crimson imp blinks! x2
You hit the killer bee. Your squeeze misses the killer bee.
The killer bee is heavily wounded.
You constrict the killer bee, but do no damage.
The killer bee stings you.
You die...

#.#..###..#.... .
#........<... .
#.#.##..#....
.###.#..##... #
#.......#
##.#..#####
#.#.##..#
########...5.....#
#....@y§..§.# #.#
#.###########


You could see a killer bee and a friendly crimson imp.

Vanquished Creatures
  Pikel (D:7)
  Psyche (D:8)
  A hornet (D:11)
  A hippogriff (D:7)
  Sigmund (D:5)
  Duvessa (D:6)
  3 orc warriors
  3 sky beasts
  2 black bears
  An ice beast (D:8)
  A slave (D:7)
  2 ogres
  A phantom (D:5)
  A necrophage (D:9)
  2 centaurs
  3 bullfrogs (D:7)
  Dowan (D:7)
  A killer bee (D:9)
  A howler monkey (D:3)
  3 jellies
  5 crimson imps
  2 hounds
  2 centaur skeletons (D:4)
  4 orc priests
  A bullfrog skeleton (D:6)
  5 worker ants
  An iguana (D:6)
  5 orc wizards
  A hound zombie (D:5)
  2 hound skeletons
  13 gnolls
  7 adders
  An adder zombie (D:8)
  2 worms
  2 dart slugs
  2 leopard geckos
  16 orcs
  A ball python (D:2)
  6 giant cockroaches
  6 goblins
  6 hobgoblins
  13 jackals
  4 quokkas
  5 bats
  5 frilled lizards
  7 kobolds
  A quokka skeleton (D:4)
  A quokka zombie (D:9)
  4 rats
161 creatures vanquished.

Vanquished Creatures (collateral kills)
  A hungry ghost (D:8)
  A big kobold (D:8)
  An orc wizard (D:11)
  An orc priest (D:8)
  2 orcs (D:8)
6 creatures vanquished.

Vanquished Creatures (others)
  A hound zombie (D:7)
  A leopard gecko (D:7)
  An orc (D:7)
  A leopard gecko skeleton (D:7)
4 creatures vanquished.

Grand Total: 171 creatures vanquished

Notes
Turn   | Place    | Note
-------+----------+-------------------------------------------
     0 | D:1      | varam the Octopode Assassin began the quest for the Orb.
     0 | D:1      | Reached XP level 1. HP: 14/14 MP: 1/1
    85 | D:1      | Reached XP level 2. HP: 11/19 MP: 2/2
  1319 | D:2      | Reached skill level 6 in Stealth
  1319 | D:2      | Reached XP level 3. HP: 24/24 MP: 3/3
  1353 | D:2      | Found a sacrificial altar of Ru.
  2167 | D:3      | Found a bloodstained altar of Trog.
  2233 | D:3      | Reached skill level 3 in Short Blades
  2283 | D:3      | Reached XP level 4. HP: 29/29 MP: 4/4
  2407 | D:3      | Found a burning altar of Makhleb.
  2407 | D:3      | Noticed a balrug
  2513 | D:3      | Found a faded altar of an unknown god.
  2775 | D:2      | Reached skill level 7 in Stealth
  2775 | D:2      | Reached XP level 5. HP: 34/34 MP: 5/5
  3581 | D:4      | Reached skill level 2 in Dodging
  3581 | D:4      | Reached skill level 8 in Stealth
  3581 | D:4      | Reached XP level 6. HP: 32/39 MP: 6/6
  3688 | D:4      | Found a radiant altar of Vehumet.
  3966 | D:5      | Entered Level 5 of the Dungeon
  3967 | D:5      | Noticed an orc warrior
  4031 | D:5      | Reached skill level 3 in Dodging
  4078 | D:5      | Reached XP level 7. HP: 45/45 MP: 7/7
  4114 | D:5      | Reached skill level 4 in Dodging
  4214 | D:5      | Noticed Sigmund
  4293 | D:5      | Killed Sigmund
  4293 | D:5      | Reached skill level 5 in Dodging
  4679 | D:5      | Reached skill level 6 in Dodging
  4741 | D:5      | Reached XP level 8. HP: 45/50 MP: 8/8
  4879 | D:5      | Found a deep blue altar of Sif Muna.
  5056 | D:5      | Reached skill level 3 in Fighting
  5099 | D:5      | Reached skill level 7 in Dodging
  5400 | D:6      | Reached skill level 4 in Fighting
  5432 | D:6      | Found a deep blue altar of Sif Muna.
  5648 | D:6      | Found Valu's Book Emporium.
  5655 | D:6      | Bought a book of Minor Magic for 240 gold pieces
  5658 | D:6      | Learned a level 2 spell: Call Imp
  5729 | D:6      | Became a worshipper of Sif Muna the Loreminder
  5929 | D:6      | Found a blossoming altar of Fedhas.
  6115 | D:6      | Reached skill level 1 in Summonings
  6157 | D:6      | Found a staircase to the Ecumenical Temple.
  6440 | D:7      | Noticed Dowan
  6442 | D:7      | Noticed Duvessa
  6446 | D:7      | Killed Dowan
  6475 | D:6      | Killed Duvessa
  6475 | D:6      | Reached skill level 2 in Summonings
  6475 | D:6      | Reached XP level 9. HP: 39/60 MP: 7/9
  6579 | D:7      | Noticed Pikel
  6649 | D:7      | Killed Pikel
  6649 | D:7      | Reached skill level 5 in Fighting
  6649 | D:7      | Reached skill level 8 in Dodging
  6649 | D:7      | Reached skill level 2 in Unarmed Combat
  6649 | D:7      | Reached skill level 1 in Spellcasting
  6649 | D:7      | Reached skill level 3 in Summonings
  7285 | D:7      | HP: 2/61 [orc warrior/scimitar (17)]
  7543 | D:8      | Reached skill level 2 in Spellcasting
  7548 | D:8      | Learned a level 1 spell: Animate Skeleton
  7872 | D:7      | Reached skill level 3 in Unarmed Combat
  8102 | D:8      | Noticed Psyche
  8116 | D:8      | Found a staircase to the Lair.
  8126 | D:8      | Killed Psyche
  8126 | D:8      | Reached * piety under Sif Muna
  8126 | D:8      | Reached skill level 9 in Stealth
  8126 | D:8      | Reached skill level 3 in Spellcasting
  8126 | D:8      | Reached skill level 4 in Summonings
  8410 | D:8      | Reached XP level 10. HP: 65/66 MP: 10/15
  8521 | D:8      | Reached skill level 4 in Unarmed Combat
  8718 | D:8      | Found a shimmering altar of Xom.
  8719 | D:8      | Found a snail-covered altar of Cheibriados.
  9083 | D:9      | Reached ** piety under Sif Muna
  9104 | D:9      | You fall through a shaft for 2 floors!
  9230 | D:11     | Learned a level 2 spell: Blink
  9233 | D:11     | Learned a level 2 spell: Repel Missiles
  9271 | D:11     | Reached skill level 4 in Spellcasting
  9277 | D:11     | Reached skill level 5 in Summonings
  9346 | D:10     | Entered Level 10 of the Dungeon
  9386 | D:11     | Noticed a cyclops
  9430 | D:11     | Found Qeagosme's Antique Weapon Boutique.
  9466 | D:11     | Reached skill level 10 in Stealth
  9505 | D:11     | Noticed Nergalle
  9529 | D:10     | Noticed Chiseanne's ghost (novice MiBe)
  9531 | D:10     | Noticed a hill giant
  9606 | D:10     | Noticed Harold
  9648 | D:9      | HP: 3/66 [killer bee (9)]
  9651 | D:9      | Slain by a killer bee

Skill      XL: |  1  2  3  4  5  6  7  8  9 10 |
---------------+-------------------------------+-----
Stealth        | 6 7 8 9 10 | 10.0
Short Blades   | 3 |  3.9
Dodging        | 2 3 6 7 8 |  8.0
Fighting       | 4 5 |  5.4
Summonings     | 2 4 5 |  5.2
Unarmed Combat | 3 4 |  4.7
Spellcasting   | 3 4 |  4.4
Throwing       | |  2.1

Action                   |  1- 3 |  4- 6 |  7- 9 | 10-12 || total
-------------------------+-------+-------+-------+-------++-------
Melee: Dagger            |    63 |    74 |   180 |    41 ||   358
       Constrict         |    12 |    17 |    35 |    22 ||    86
       Tentacles         |     6 |    17 |    70 |    22 ||   115
       Punch             |     1 |       |     4 |     3 ||     8
       Whip              |       |     2 |       |       ||     2
       Unarmed           |       |       |    89 |    88 ||   177
 Fire: Blowgun           |       |     1 |     5 |       ||     6
 Cast: Call Imp          |       |       |    11 |    13 ||    24
       Blink             |       |       |       |     1 ||     1
  Use: Scroll            |     2 |     5 |     2 |     1 ||    10
       Potion            |       |       |     1 |       ||     1
 Stab: Sleeping          |    15 |     9 |    14 |    10 ||    48
       Distracted        |       |     4 |     2 |     2 ||     8
  Eat: Chunk             |     3 |     6 |    11 |     4 ||    24
       Bread ration      |       |       |     1 |       ||     1
Armor: Skin              |    16 |    11 |    30 |    18 ||    75
Dodge: Dodged            |    45 |    27 |   193 |   131 ||   396
